 Dungeon Crawl Stone Soup version 0.24-a0-408-gcc1054c7ca (webtiles) character file.

Game seed: 1967684222462683639

12 Wendigo the Skirmisher (level 2, 20/25 (26) HPs)
             Began as a Ghoul Monk on June 2, 2019.
             Quit the game on level 1 of the Dungeon on June 5, 2019.
             The game lasted 00:01:52 (419 turns).

Wendigo the Skirmisher (Ghoul Monk)                  Turns: 419, Time: 00:01:52

HP:   20/25 (26)    AC:  3    Str: 14    XL:     2   Next: 33%
MP:   1/1           EV: 12    Int:  5    God:
Gold: 0             SH:  0    Dex: 11    Spells: 1/1 levels left

rFire    . . .     SeeInvis .     - Unarmed
rCold    + . .     Gourm    .   (no shield)
rNeg     + + +     Faith    .   e - +0 leather armour
rPois    ∞         Spirit   .   (no helmet)
rElec    .         Reflect  .   (no cloak)
rCorr    .         Harm     .   (no gloves)
MR       .....                  (no boots)
Stlth    ++........             (no amulet)
HPRegen  0.08/turn              (no ring)
MPRegen  0.07/turn              (no ring)

@: rotting
A: rotting body, claws 1, carnivore, cold resistance 1, negative energy
resistance 3, inhibited regeneration, torment resistance, unbreathing
a: no special abilities


You were on level 1 of the Dungeon.
You were not hungry.

You visited 1 branch of the dungeon, and saw 1 of its levels.

Inventory:

Missiles
 d - 35 stones (quivered)
Armour
 a - a +0 robe
 c - a +0 pair of gloves
 e - a +0 leather armour (worn)
Comestibles
 b - a ration
 f - a chunk of flesh


   Skills:
 + Level 3.5 Fighting
 + Level 2.8 Dodging
 + Level 2.5 Stealth
 + Level 3.5 Unarmed Combat


You had one spell level left.
You didn't know any spells.
Your spell library was empty.

Dungeon Overview and Level Annotations

Branches:
Dungeon (1/15)

Altars:


Innate Abilities, Weirdness & Mutations

Your body is rotting away.
You thrive on raw meat.
You are immune to poison.
You have sharp fingernails.
You are carnivorous and can eat meat at any time.
Your flesh is cold resistant. (rC+)
You are immune to negative energy. (rN+++)
You do not regenerate when monsters are visible.
You are immune to unholy pain and torment.
You can survive without breathing.


Message History

You claw the ooze!
You kill the ooze!
Why would you want to do that?
Found 24 sling bullets.
You feel your flesh rotting away.
Number of times to repeat, then command key: You must enter the number of times for the command to repeat.
Unknown command.
Unknown command.
There isn't anything here!
Clearing level map.
Unknown command.
Unknown command.
Unknown command.
Saving game... please wait.
Welcome back, Wendigo the Ghoul Monk.
Press ? for a list of commands and other information.
Quiver which item? (- for none, * to show all) (? for menu, Esc to quit)
Okay, then.
Are you sure you want to abandon this character and quit the game? (Confirm with "yes".)

##### #...
###########.##################
#.........≈.≈..§..§§.........#
#.....≈≈≈≈≈.≈≈≈≈≈≈§§≈≈≈≈≈....#
#.....≈....÷.@....§§....≈....#
#.....≈.##'###########..≈....#
#.....≈.##..........##..≈....#
#.....≈.###.........##..≈....#
#.....≈≈.##.........##.≈≈....#
#.....≈..########.####..≈....#
#.....≈..########'####..≈....#
#.....≈≈..##......##...≈≈....#
#.....≈...##.<....##....≈....#


There were no monsters in sight!

Vanquished Creatures
  2 oozes (D:1)
  A goblin (D:1)
  A kobold (D:1)
  A rat (D:1)
5 creatures vanquished.

Notes
Turn   | Place    | Note
-------+----------+-------------------------------------------
     0 | D:1      | Wendigo the Ghoul Monk began the quest for the Orb.
     0 | D:1      | Reached XP level 1. HP: 19/19 MP: 0/0
   370 | D:1      | Reached XP level 2. HP: 26/26 MP: 1/1
   419 | D:1      | Upgraded the game from 0.24-a0-378-g94936e539c to
                  | 0.24-a0-408-gcc1054c7ca
   419 | D:1      | Quit the game

Levels and vault maps discovered:
D:1:      erik_arrival_gehennom, layout_loops_ring, minmay_shallow_snake_nest

Action                   || total
-------------------------++-------
Melee: Unarmed           ||    23
Throw: Stone             ||     1
 Stab: Sleeping          ||     2
Armor: Leather armour    ||     1
Dodge: Dodged            ||    10

Table legend:
 A = Non-vault XP
 B = Vault XP
 C = Vault XP percentage of total XP
 D = Non-vault monster count
 E = Vault monster count
 F = Vault count percentage of total count
                 A         B        C        D         E       F
            +---------+---------+-------+---------+---------+-------
      Total |       0 |      18 | 100.0 |       0 |       5 | 100.0
            +---------+---------+-------+---------+---------+-------
        D:1 |       0 |      18 | 100.0 |       0 |       5 | 100.0
            +---------+---------+-------+---------+---------+-------
